 Dungeon Crawl Stone Soup version 0.25-a0-942-g87a53962fc (webtiles) character file.

Game seed: 2322372884536520422, levelgen mode: deterministic

841 MisterFreud the Conjurer (level 8, 0/62 HPs)
             Began as a Naga Fire Elementalist on May 7, 2020.
             Slain by a centaur
             ... wielding a cursed -2 shortbow
              (8 damage)
             ... on level 5 of the Dungeon.
             The game lasted 00:16:32 (5293 turns).

MisterFreud the Conjurer (Naga Fire Elementalist)   Turns: 5293, Time: 00:16:33

Health: 0/62       AC:  4    Str: 11    XL:     8   Next: 0%
Magic:  10/14      EV: 10    Int: 18    God:
Gold:   287        SH:  0    Dex: 11    Spells: 7/15 levels left

rFire    . . .     SeeInvis +   q - +2 dagger (drain)
rCold    . . .     Gourm    .   (no shield)
rNeg     . . .     Faith    .   a - +0 robe
rPois    +         Spirit   .   (no helmet)
rElec    .         Reflect  .   y - +0 cloak
rCorr    +         Harm     .   (no gloves)
MR       +....                  (no barding)
Stlth    ++........             (no amulet)
HPRegen  0.20/turn              b - ring of resist corrosion
MPRegen  0.14/turn              (no ring)

@: short of breath, very slow
A: large, see invisible, deformed body, poison resistance, slowness 2, slow
metabolism 1, spit poison 1, AC +2
a: Spit Poison


You were on level 5 of the Dungeon.
You were hungry.

You visited 1 branch of the dungeon, and saw 5 of its levels.

You collected 287 gold pieces.

Inventory:

Hand Weapons
 q - a +2 dagger of draining (weapon)
Missiles
 d - 188 stones (quivered)
 h - 38 arrows
 m - 71 bolts
 w - 7 javelins
Armour
 a - a +0 robe (worn)
 l - a +1 kite shield of protection
 y - a +0 cloak (worn)
Jewellery
 b - a ring of resist corrosion (left hand)
Scrolls
 f - 2 scrolls of fog
 g - 3 scrolls of random uselessness
 n - a scroll of noise {unknown}
 s - 2 scrolls of enchant armour {unknown}
 u - a scroll of remove curse {unknown}
 x - 4 scrolls of teleportation
Potions
 e - a potion of curing
 i - a potion of degeneration {unknown}
 j - a potion of stabbing {unknown}
 k - 4 potions of flight
 o - a potion of lignification {unknown}
 p - 2 potions of mutation
 r - a potion of invisibility {unknown}
 v - 2 potions of haste
 z - a potion of brilliance {unknown}
Comestibles
 c - 9 rations
 t - 2 chunks of flesh


   Skills:
 - Level 1.5 Dodging
 - Level 3.0 Stealth
 + Level 3.4 Shields
 - Level 4.0 Spellcasting
 - Level 5.0 Conjurations
 - Level 5.0 Fire Magic


You had 7 spell levels left.
You knew the following spells:

 Your Spells              Type           Power        Failure   Level  Hunger
a - Foxfire               Conj/Fire      ###.         1%          1    None
b - Conjure Flame         Conj/Fire      ###.....     5%          3    ###....
c - Sticky Flame          Conj/Fire      ###.....     19%         4    ####...

Your spell library contained the following spells:

 Spells                   Type           Power        Failure   Level  Hunger
 Inner Flame              Hex/Fire       ##......     16%         3    ###....
 Fireball                 Conj/Fire      ###.......   45%         5    ######.


Dungeon Overview and Level Annotations

Branches:
Dungeon (5/15)
 Temple: D:4-7

Altars:
Nemelex Xobeh
The Shining One


Innate Abilities, Weirdness & Mutations

You cannot wear boots.
Your serpentine skin is tough. (AC +2)
You have supernaturally acute eyesight. (SInv)
Armour fits poorly on your strangely shaped body.
Your system is resistant to poisons. (rPois)
You cover ground very slowly.
You have a slow metabolism.
You can spit poison.


Message History

The centaur hits you with a cursed -2 shortbow!
* * * LOW HITPOINT WARNING * * *
The centaur hits you with a cursed -2 shortbow.
* * * LOW HITPOINT WARNING * * *
You see here a +0 flail.
You feel better.
The centaur hits you with a cursed -2 shortbow.
* * * LOW HITPOINT WARNING * * *
Casting: Foxfire (safe; 1% risk of failure)
Confirm with . or Enter, or press ? or * to list all spells.
Aiming: Sticky Flame (dangerous; 19% risk of failure)
Press: ? - help, Shift-Dir - straight line, f/p - centaur
Aim: a centaur, wielding a -2 shortbow and quivering 14 arrows (lightly wounded)
The sticky flame hits the centaur.
The centaur is moderately wounded.
The centaur is covered in liquid flames!
You are feeling hungry.
The centaur burns!
The centaur hits you with a cursed -2 shortbow!
You die...

##### ...#
###.##################
+...c@.÷...(..........
###..#########.###...÷
##.## #.# #.... #(.#
#.# #.... ##(# #.#
#.... #.o#
####.###.).. ##.#
#...........
.c.....#.####### .....
#.# #.


You could see a centaur (burning).

Vanquished Creatures
  Pikel (D:4)
  A sky beast (D:5)
  A centaur (D:4)
  A hound (D:4)
  2 orc priests
  An iguana (D:4)
  5 orc wizards
  7 adders
  An ooze (D:2)
  3 worms
  2 dart slugs
  5 leopard geckos
  9 orcs
  A ball python (D:4)
  5 giant cockroaches
  10 hobgoblins
  2 jackals (D:4)
  6 kobolds
  2 quokkas (D:2)
  8 bats
  5 frilled lizards
  5 goblins
  5 rats
88 creatures vanquished.

Vanquished Creatures (others)
  Menkaure (D:5)
  A bullfrog zombie (D:5)
  A hound (D:5)
  An orc (D:4)
  74 foxfires
78 creatures vanquished.

Grand Total: 166 creatures vanquished

Notes
Turn   | Place    | Note
-------+----------+-------------------------------------------
     0 | D:1      | MisterFreud the Naga Fire Elementalist began the quest for
                  | the Orb.
     0 | D:1      | Reached XP level 1. HP: 15/15 MP: 3/3
   460 | D:1      | Reached XP level 2. HP: 17/22 MP: 3/5
  1129 | D:1      | Reached XP level 3. HP: 28/28 MP: 6/6
  1971 | D:2      | Learned a level 3 spell: Conjure Flame
  2239 | D:3      | Reached XP level 4. HP: 32/36 MP: 4/7
  2429 | D:3      | Noticed a necrophage
  2449 | D:3      | HP: 1/34 [necrophage (6)]
  3050 | D:2      | Reached XP level 5. HP: 33/41 MP: 7/9
  3296 | D:3      | Learned a level 4 spell: Sticky Flame
  3744 | D:3      | Reached XP level 6. HP: 42/48 MP: 10/10
  4446 | D:4      | Found a glowing golden altar of the Shining One.
  4461 | D:4      | Reached XP level 7. HP: 55/55 MP: 6/12
  4584 | D:5      | Entered Level 5 of the Dungeon
  4650 | D:5      | Reached skill level 5 in Conjurations
  4650 | D:5      | Reached skill level 5 in Fire Magic
  4745 | D:5      | Found a sparkling altar of Nemelex Xobeh.
  4761 | D:5      | Noticed Pikel
  4762 | D:5      | Noticed Menkaure
  4779 | D:4      | Killed Pikel
  5148 | D:5      | Killed Menkaure
  5265 | D:5      | Reached XP level 8. HP: 60/62 MP: 14/14
  5291 | D:5      | HP: 3/62 [centaur/cursed -2 shortbow (5)]
  5293 | D:5      | Slain by a centaur

Levels and vault maps discovered:
D:1:      wander_arrival_estate, layout_basic, dk_noncrumbling_4,
          due_unseen_surprise
D:2:      layout_basic, minmay_misc_feat_room, kennysheep_big_empty_room
D:3:      minmay_spotlight, layout_basic
D:4:      minmay_bubble_buster, layout_basic, tso_metal_star
D:5:      layout_basic, first_ration, nemelex_spade_bored_becter, uniq_pikel,
          uniq_blork_the_orc, uniq_menkaure

Skill      XL: |  1  2  3  4  5  6  7 |
---------------+----------------------+-----
Conjurations   | 2 3 4 5 |  5.0
Spellcasting   | 3 4 |  4.0
Fire Magic     | 4 5 |  5.0
Shields        | 3 |  3.4
Dodging        | |  1.5
Stealth        | |  3.0

Action                   |  1- 3 |  4- 6 |  7- 9 || total
-------------------------+-------+-------+-------++-------
Melee: Dagger            |     5 |    97 |    32 ||   134
Throw: Stone             |     1 |       |       ||     1
 Cast: Foxfire           |    26 |    20 |     4 ||    50
       Conjure Flame     |     1 |       |       ||     1
       Sticky Flame      |       |     1 |     2 ||     3
 Abil: Spit Poison       |    35 |    28 |     5 ||    68
  Use: Scroll            |       |     4 |     3 ||     7
       Potion            |       |     2 |     2 ||     4
 Stab: Sleeping          |     1 |       |     1 ||     2
  Eat: Chunk             |     5 |     8 |     2 ||    15
Armor: Robe              |     4 |    16 |     9 ||    29
Dodge: Dodged            |    19 |    75 |    19 ||   113

Table legend:
 A = Non-vault XP
 B = Vault XP
 C = Vault XP percentage of total XP
 D = Non-vault monster count
 E = Vault monster count
 F = Vault count percentage of total count
                 A         B        C        D         E       F
            +---------+---------+-------+---------+---------+-------
      Total |     809 |     393 |  32.7 |      83 |       6 |   6.7
            +---------+---------+-------+---------+---------+-------
        D:1 |      34 |       0 |   0.0 |      20 |       0 |   0.0
        D:2 |     112 |       0 |   0.0 |      18 |       0 |   0.0
        D:3 |     153 |      21 |  12.1 |      24 |       5 |  17.2
        D:4 |     321 |     372 |  53.7 |      14 |       1 |   6.7
        D:5 |     189 |       0 |   0.0 |       7 |       0 |   0.0
            +---------+---------+-------+---------+---------+-------
